 Dungeon Crawl Stone Soup version 0.30-a0-364-gf6b3ef1049 (webtiles) character file.

Game seed: 1147851550188830480

394 voltaire321 the Magician (level 6, 0/33 (35) HPs)
             Began as a Deep Elf Earth Elementalist on Nov 15, 2022.
             Slain by a wight
             ... wielding a +4 battleaxe of freezing
              (1 damage)
             ... on level 4 of the Dungeon.
             The game lasted 00:10:45 (3676 turns).

voltaire321 the Magician (DEEE)                     Turns: 3676, Time: 00:10:45

HP:   0/33 (35)     AC:  5    Str:  7    XL:     6   Next: 51%
MP:   8/14          EV: 12    Int: 20    God:
Gold: 250           SH:  0    Dex: 15    Spells: 8/14 levels left

rFire   . . .      SeeInvis .    g - +1 dagger (vamp)
rCold   + . .      Faith    .    (no shield)
rNeg    . . .      Spirit   .    x - +1 leather armour {rC+}
rPois   .          Reflect  .    o - +0 helmet
rElec   .          Harm     .    (no cloak)
rCorr   .          Rampage  .    (no gloves)
Will    .....                    (no boots)
Stlth   ++........               (no amulet)
HPRegen 0.25/turn                (no ring)
MPRegen 0.14/turn                (no ring)

@: drained
A: no striking features
a: no special abilities


You were on level 4 of the Dungeon.
You visited 1 branch of the dungeon, and saw 5 of its levels.

You collected 250 gold pieces.

Inventory:

Hand Weapons
 g - a +1 vampiric dagger (weapon)
Missiles
 a - 6 curare-tipped darts
Armour
 o - a +0 helmet (worn)
 x - a +1 leather armour of cold resistance (worn)
Wands
 w - a wand of iceblast (9)
Scrolls
 c - a scroll of torment {unknown}
 d - 3 scrolls of identify
 e - a scroll of enchant weapon {unknown}
 f - 8 scrolls of teleportation
 j - a scroll of enchant armour {unknown}
 k - a scroll of immolation {unknown}
 l - a scroll of butterflies {unknown}
 q - a scroll of noise {unknown}
 u - a scroll of fear {unknown}
Potions
 b - 2 potions of magic
 h - a potion of brilliance {unknown}
 i - a potion of haste {unknown}
 m - a potion of berserk rage {unknown}
 n - 2 potions of heal wounds {unknown}
 p - a potion of cancellation {unknown}
 r - a potion of might {unknown}
 s - a potion of flight {unknown}
 t - a potion of attraction {unknown}
 v - 2 potions of curing


   Skills:
 + Level 2.1 Fighting
 + Level 1.9 Armour
 + Level 3.9 Dodging
 - Level 2.4 Stealth
 + Level 4.5 Spellcasting
 + Level 2.4 Conjurations
 - Level 2.0 Transmutations
 + Level 4.4 Earth Magic


You had 8 spell levels left.
You knew the following spells:

 Your Spells              Type           Power      Damage    Failure   Level
a - Sandblast             Erth           44%        2d11      3%          1
b - Passwall              Tmut/Erth      14%        N/A       7%          2
c - Stone Arrow           Conj/Erth      36%        3d9       13%         3

Your spell library contained the following spells:

 Spells                   Type           Power      Damage    Failure   Level
 Ensorcelled Hibernation  Hex/Ice        8%         N/A       26%         2
 Spider Form              Tmut/Pois      8%         N/A       34%         3
 Petrify                  Tmut/Erth      17%        N/A       43%         4
 Airstrike                Air            2%         2d(1-17)  87%         4
 Anguish                  Hex/Necr       2%         N/A       87%         4
 Manifold Assault         Tloc           4%         N/A       87%         4
 Summon Lightning Spire   Summ/Air       4%         N/A       87%         4
 Lightning Bolt           Conj/Air       4%         1d16      96%         5
 Dispersal                Tloc           2%         N/A       100%        6
 Disjunction              Tloc           2%         N/A       100%        8


Dungeon Overview and Level Annotations

Branches:
Dungeon (5/15)
 Temple: D:4-7

Altars:
Cheibriados
Qazlal


Message History

Casting: Sandblast (safe; 3% risk of failure)
Confirm with . or Enter, or press ? or * to list all spells.
Aiming: Sandblast (safe; 3% risk of failure)
Press: ? - help, Shift-Dir - straight line, f - wight
Aim: a wight, wielding a +5 long sword and wearing a +0 robe (83% to hit)
The blast of sand misses the wight.
Casting: Sandblast (safe; 3% risk of failure)
Confirm with . or Enter, or press ? or * to list all spells.
The spell is quite dangerous to miscast (13% risk of failure)!
Continue anyway?
Aiming: Stone Arrow (quite dangerous; 13% risk of failure)
Press: ? - help, Shift-Dir - straight line, f - wight, p - wight
Aim: a wight, wielding a +4 battleaxe of freezing and wearing a +0 robe (68% to hit)
The stone arrow misses the wight.
You hear a shout! x2
Casting: Stone Arrow (quite dangerous; 13% risk of failure)
Confirm with . or Enter, or press ? or * to list all spells.
The spell is quite dangerous to miscast (13% risk of failure)!
Continue anyway?
Aiming: Stone Arrow (quite dangerous; 13% risk of failure)
Press: ? - help, Shift-Dir - straight line, f/p - wight
Aim: a wight, wielding a +4 battleaxe of freezing and wearing a +0 robe (68% to hit)
You miscast Stone Arrow.
You are very lightly contaminated with residual magic.
Nothing appears to happen.
The wight hits you with a +4 battleaxe of freezing!
The wight freezes you. The wight attacks as you move away!
The wight hits you with a +4 battleaxe of freezing!
* * * LOW HITPOINT WARNING * * *
You feel drained. The wight freezes you.
* * * LOW HITPOINT WARNING * * *
You see here a +0 robe.
There is a stone staircase leading up here.
The wight completely misses you.
You climb upwards.
Your magical contamination has completely faded away.
There is a stone staircase leading down here.
The wight hits you with a +4 battleaxe of freezing!
* * * LOW HITPOINT WARNING * * *
You feel drained.
You die...

...........#............#
.###...##..#..#....(...##
...##.................##
#.........##..#........#
###†....#.............##
###.#.###.#..........##
#.#.#.##..##..##...>##
....#......#.....z..#
..#.#....####...@.###
..#......##.....###
................#.###
..........#.........#
#.........#........##
..........##....#### ###
#.###...#..#...########.####
................##.##......#
...........#...............#


You could see a wight.

Vanquished Creatures
  A phantom (D:4)
  A hound (D:4)
  2 orc priests
  A jelly (D:3)
  An iguana (D:4)
  6 adders
  A worm (D:2)
  4 dart slugs
  12 orcs
  8 ball pythons
  10 bats
  4 endoplasms
  6 giant cockroaches
  9 goblins
  13 hobgoblins
  4 quokkas
  2 frilled lizards
  12 kobolds
  4 rats
101 creatures vanquished.

Notes
Turn   | Place    | Note
-------+----------+-------------------------------------------
     0 | D:1      | voltaire321 the Deep Elf Earth Elementalist began the quest
                  | for the Orb.
     0 | D:1      | Reached XP level 1. HP: 10/10 MP: 6/6
    86 | D:1      | Reached XP level 2. HP: 15/15 MP: 5/8
   433 | D:1      | Learned a level 2 spell: Passwall
   846 | D:1      | Reached XP level 3. HP: 20/20 MP: 7/9
  1050 | D:1      | Learned a level 3 spell: Stone Arrow
  1471 | D:2      | Reached skill level 1 in Fighting
  1684 | D:2      | Reached XP level 4. HP: 25/25 MP: 6/11
  1686 | D:2      | Reached skill level 1 in Conjurations
  1699 | D:2      | Found a stormy altar of Qazlal.
  1948 | D:3      | Reached skill level 1 in Armour
  2010 | D:3      | Reached XP level 5. HP: 16/29 MP: 7/12
  2645 | D:3      | Found a faded altar of an unknown god.
  2848 | D:4      | Noticed a phantom
  3010 | D:4      | Found a snail-covered altar of Cheibriados.
  3018 | D:4      | Killed a phantom
  3019 | D:4      | Reached XP level 6. HP: 31/35 MP: 2/14
  3653 | D:5      | Entered Level 5 of the Dungeon
  3676 | D:4      | HP: 1/34 [wight/+4 battleaxe of freezing (7)]
  3676 | D:4      | Slain by a wight

Illustrated notes

Levels and vault maps discovered:
D:1:      onia_arrival_pyramid, layout_basic
D:2:      layout_loops_cross, basic_altar
D:3:      layout_basic, hellmonk_ecumenical_altar_zigzags,
          minmay_fractal_squares_5
D:4:      layout_cave_pools, overflow_temple_1_default, minmay_misc_feat_tiny
D:5:      layout_loops_ring, serial_shops, shop, kennysheep_mini, shop,
          uniq_sigmund

Skill      XL: |  1  2  3  4  5  6 |
---------------+-------------------+-----
Transmutations | 2 |  2.0
Fighting       | 1 2 |  2.1
Dodging        | 3 |  3.9
Conjurations   | 1 2 |  2.4
Armour         | 1 |  1.9
Earth Magic    | 4 |  4.4
Spellcasting   | 4 |  4.5
Stealth        | |  2.4

Action                   |  1- 3 |  4- 6 || total
-------------------------+-------+-------++-------
Melee: Dagger            |    22 |    34 ||    56
       Punch             |       |     1 ||     1
 Cast: Sandblast         |    58 |    81 ||   139
       Stone Arrow       |       |     4 ||     4
  Use: Scroll            |     1 |     3 ||     4
 Stab: Sleeping          |     2 |     1 ||     3
Armor: Leather armour    |     6 |    20 ||    26
Dodge: Dodged            |    18 |    57 ||    75

Table legend: (Time is in decaauts)
 A = Elapsed time spent in this place.
 B = Non-inter-level travel time spent in this place.
 C = Inter-level travel time spent in this place.
 D = Time resting spent in this place.
 E = Time spent auto-exploring this place.
 F = Levels seen in this place.
 G = Mean time per level.
                   A        B        C        D        E       F      G
               +--------+--------+--------+--------+--------+-----+--------+
         Total |   3744 |   3605 |    139 |    736 |   2017 |   5 |  748.8 |
       Dungeon |   3744 |   3605 |    139 |    736 |   2017 |   5 |  748.8 |
               +--------+--------+--------+--------+--------+-----+--------+

Top non-repeatable levels by time:
     D:1: 1092 daAuts
     D:3: 1015 daAuts
     D:2: 875 daAuts
     D:4: 739 daAuts
     D:5: 21 daAuts
